 Dungeon Crawl Stone Soup version 0.31-a0-656-gb4d89c20fa (webtiles) character file.

Game seed: 16998077803697166390

25 Xavori the Cutter (level 3, 26/26 HPs)
             Began as an Octopode Chaos Knight on Aug 30, 2023.
             Was a Plaything of Xom.
             Quit the game on level 1 of the Dungeon.
             The game lasted 00:01:25 (9757 turns).

Xavori the Cutter (Octopode Chaos Knight)           Turns: 9757, Time: 00:01:26

Health: 26/26      AC:  1    Str: 11    XL:     3   Next: 6%
Magic:  3/3        EV: 13    Int: 14    God:    Xom [..*...]
Gold:   94         SH:  0    Dex: 11    Spells: 2/2 levels left

rFire   . . .        a - +0 short sword (chaos)
rCold   . . .        (no shield)
rNeg    . . .        (helmet restricted)
rPois   .            (no amulet)
rElec   .            (no ring)
rCorr   .            (no ring)
SInv    .            (no ring)
Will    .....        (no ring)
Stlth   ++           (no ring)
HPRegen 1.04/turn    (no ring)
MPRegen 0.08/turn    (no ring)
                     (no ring)

%: no passive effects
@: no status effects
A: almost no armour, amphibious, 8 rings, camouflage 1, gelatinous body 1,
(nimble swimmer 1), tentacles, clumsy 1, regeneration 1
a: Renounce Religion


You were on level 1 of the Dungeon.
You worshipped Xom.
You were a toy of Xom.
You visited 1 branch of the dungeon, and saw 2 of its levels.

You collected 94 gold pieces.

Inventory:

Hand Weapons
 a - a +0 short sword of chaos (weapon)
Jewellery
 i - a ring of fire
Scrolls
 b - a scroll of butterflies
 f - a scroll of identify {unknown}
 g - a scroll of poison {unknown}
 h - a scroll of teleportation {unknown}
Potions
 c - 3 potions of curing {unknown}
 d - 2 potions of degeneration {unknown}
 e - a potion of magic {unknown}


   Skills:
 + Level 3.3 Fighting
 + Level 3.4 Short Blades
 + Level 2.6 Dodging
 + Level 1.1 Stealth


You had 2 spell levels left.
You didn't know any spells.
Your spell library was empty.

Dungeon Overview and Level Annotations

Branches:
Dungeon (2/15)

Altars:


Innate Abilities, Weirdness & Mutations

You cannot wear most types of armour.
You are amphibious.
You can wear up to eight rings at the same time.
Your skin changes colour to match your surroundings (Stealth+).
Your rubbery body absorbs attacks. (AC +1, EV +1)
((You are camouflaged when in or above water. (Stealth+)))
You have tentacles for arms and can constrict up to eight enemies at once.
You are clumsy. (Dex -2)
Your natural rate of healing is unusually fast.


Message History

Done waiting.
You start waiting.
Done waiting.
You start waiting.
Done waiting.
You start waiting.
Done waiting.
You start waiting.
Done waiting.
You start waiting.
Done waiting.
You start waiting.
You start waiting.
You start waiting.
You start waiting.
You start waiting.
You start waiting.
You start waiting.
You start waiting.
You start waiting.
You start waiting.
You start waiting.
You start waiting.
You start waiting.
You start waiting.
Done waiting.
You start waiting.
Done waiting.
You start waiting.
Done waiting.
You start waiting.
Done waiting.
You start waiting.
Done waiting.
You start waiting.
You almost hear Xom's maniacal laughter.
Nothing appears to happen...
Ominous!
You start waiting.
Done waiting.
Are you sure you want to abandon this character and quit the game? (Confirm with "yes".)

.#Z.# ###.#Z### #....... ###.#
#...#...# #..†.... ###.#
#.#####.# ##....... .#..#
##...#...####........ ....#
#######....#....#.........#
....###.#.#.#(#.#.#.#.#.#.#.##.##
....##.........................#
.######.#.#.#.#.#.#.#.#.#.#..###
.## #..........@...........##
..#####.#.#.#.#.#.#.#.#.#.###
......########.).###.####...##
........(# ##..# #.###.....##
##.##.##.# #..###.##.......##
#...#.##.######......#.........##
................###..'...)[....+.
#...#.##.######.# #.##.........##
##.##.##.# #.###.###.......##


There were no monsters in sight!

Vanquished Creatures
  An adder (D:2)
  4 bats (D:1)
  2 goblins (D:1)
  A quokka (D:1)
  2 frilled lizards (D:1)
  3 kobolds (D:1)
  3 rats (D:1)
16 creatures vanquished.

Vanquished Creatures (collateral kills)
  An endoplasm (D:2)
1 creature vanquished.

Vanquished Creatures (others)
  An adder (D:2)
1 creature vanquished.

Grand Total: 18 creatures vanquished

Notes
Turn   | Place    | Note
-------+----------+-------------------------------------------
     0 | D:1      | Xavori the Octopode Chaos Knight began the quest for the
                  | Orb.
     0 | D:1      | Reached XP level 1. HP: 16/16 MP: 1/1
   353 | D:1      | Reached XP level 2. HP: 21/21 MP: 2/2
   749 | D:1      | XOM: silly message
   929 | D:1      | XOM: silly message
   999 | D:2      | Reached skill level 1 in Stealth
   999 | D:2      | Reached XP level 3. HP: 24/26 MP: 3/3
  1019 | D:2      | XOM is BORED!
  1019 | D:2      | XOM: silly message
  1454 | D:1      | XOM is BORED!
  1454 | D:1      | XOM: give mutations
  1454 | D:1      | Gained mutation: You are weak. (Str -2) [Xom's mischief]
  1454 | D:1      | Gained mutation: Your natural rate of healing is unusually
                  | fast. [Xom's mischief]
  1454 | D:1      | Lost mutation: You are weak. (Str -2) [Xom's mischief]
  1454 | D:1      | Gained mutation: You are clumsy. (Dex -2) [Xom's mischief]
  1576 | D:1      | XOM: god gift: 44 gold pieces
  1901 | D:1      | XOM: scenery: 1 doors close
  2638 | D:1      | XOM: cloud trail
  2707 | D:1      | XOM: 1-stop teleportation journey
  3330 | D:1      | XOM is BORED!
  3330 | D:1      | XOM: summons 2 hostile demons
  3894 | D:1      | XOM: noise
  4313 | D:1      | XOM: silly message
  5544 | D:1      | XOM: god gift: fuming brown potion {god gift}
  6225 | D:1      | XOM: divination: magic mapping
  7852 | D:1      | XOM: divination: detect items
  7987 | D:1      | XOM: cloud trail
  8169 | D:1      | XOM: silly message
  9656 | D:1      | XOM: silly message
  9757 | D:1      | Quit the game

Illustrated notes

Levels and vault maps discovered:
D:1:      heliophobic_arrival_ceremonial_halls, layout_loops_corners,
          st_stairs_13
D:2:      layout_loops_cross, hellmonk_ecumenical_altar_dog_temple, uniq_sigmund

Skill      XL: |  1  2 |
---------------+-------+-----
Stealth        | 1 |  1.1
Fighting       | |  3.3
Short Blades   | |  3.4
Dodging        | |  2.6

Action                     || total
---------------------------++-------
  Melee: Short sword       ||    33
         Constrict         ||     9
         Tentacles         ||     5
   Stab: Sleeping          ||     5
         Distracted        ||     1
 Armour: Skin              ||     6
  Dodge: Dodged            ||    20

Table legend: (Time is in decaauts)
 A = Elapsed time spent in this place.
 B = Non-inter-level travel time spent in this place.
 C = Inter-level travel time spent in this place.
 D = Time resting spent in this place.
 E = Time spent auto-exploring this place.
 F = Levels seen in this place.
 G = Mean time per level.
                   A        B        C        D        E       F      G
               +--------+--------+--------+--------+--------+-----+--------+
         Total |   9753 |   9669 |     84 |   8673 |    871 |   2 | 4876.5 |
       Dungeon |   9753 |   9669 |     84 |   8673 |    871 |   2 | 4876.5 |
               +--------+--------+--------+--------+--------+-----+--------+

Top non-repeatable levels by time:
     D:1: 9385 daAuts
     D:2: 368 daAuts
